cohdb
Replays
Latest Replays
All Replays
Popular Replays
Top Player Replays
Match Explorer
How It Works
Community
CoH3 Stats
Reddit
Sign in to upload your games and track your stats! →
Sign in with Steam
Match 41329581
Unlisted
Match 41329581
Overview
Messages
Build Orders
End
Construct Section Command Post
Vickers Machine Gun Team
Infantry Section
Selects Canadian Shock Battlegroup
Infantry Section
Construct Field Infirmary
Grenade Package
Selects Attacking Spirit
Selects Canadian Shock Section
Canadian Shock Section
Construct Platoon Command Post
Selects Incendiary Munitions
Selects Point Assault
Canadian Shock Section
Construct Company Command Post
Selects Incendiary Munitions
Crusader II Medium Tank
Armored Vehicle Training
Selects Pyrotechnics
Foot Guards Section
Foot Guards Section
Infantry Training
roshawnkne
MtCassino
true1911
Unsafe
Monomyth
bugos
0
0
Comments
sign in to comment!
No comments posted yet!